Map: Orbital Shipyard

Players

WinterSC

  • Race: Protoss Protoss
  • League: Grandmaster

llllllllllll - Winner!

  • Race: Terran Terran

VOD

Have the link to the VOD?

Description

Time

  • Played on: Jan. 14, 2016, 6:21 p.m.
  • Length: 15:06
Show
View Real Time Build Order
Export as new Build Order

WinterSC Protoss 

Build Orders: 1 Gate Expand, Oracle Opening 

Get SALT Encoding   

  12  0:01  Probe (Chrono Boost)  
  13  0:11  Probe (Chrono Boost)  
  14  0:21  Pylon  
  14  0:22  Probe (Chrono Boost)  
  15  0:39  Probe (Chrono Boost)  
  15  0:40  Gateway  
  16  0:50  Probe (Chrono Boost)  
  17  1:00  Probe (Chrono Boost)  
  18  1:11  Probe (Chrono Boost)  
  19  1:17  Nexus  
  20  1:31  Cybernetics Core  
  19  1:34  Assimilator  
  19  1:42  Assimilator  
  19  1:46  Pylon  
  19  1:47  Probe (Chrono Boost)  
  20  1:58  Probe (Chrono Boost)  
  21  2:12  Probe (Chrono Boost)  
  21  2:14  Adept (Chrono Boost)  
  23  2:22  Probe  
  24  2:25  Warp Gate (Chrono Boost)  
  24  2:28  Probe  
  25  2:34  Probe  
  26  2:39  Probe, Adept (Chrono Boost)  
  29  2:52  Probe  
  29  2:55  Probe  
  29  2:56  Stargate  
  31  3:04  Probe (Chrono Boost)  
  32  3:07  Probe (Chrono Boost)  
  32  3:08  Gateway  
  33  3:16  Mothership Core  
  33  3:19  Probe  
  36  3:21  Gateway  
  36  3:23  Pylon  
  36  3:31  Probe  
  37  3:35  Probe  
  37  3:36  Assimilator  
  38  3:42  Oracle (Chrono Boost)  
  38  3:43  Probe  
  38  3:46  Probe  
  44  3:55  Probe  
  44  3:56  Probe  
  45  4:07  Probe x2  
  47  4:13  Nexus  
  47  4:14  Phoenix (Chrono Boost)  
  49  4:17  Probe  
  49  4:21  Pylon  
  50  4:24  Sentry  
  50  4:26  Probe  
  50  4:28  Assimilator  
  50  4:30  Probe  
  53  4:35  Pylon  
  54  4:40  Stalker  
  54  4:43  Probe  
  57  4:51  Probe  
  58  4:55  Robotics Facility  
  60  5:00  Phoenix (Chrono Boost)  
  57  5:12  Adept x3  
  61  5:20  Probe  
  60  5:26  Mothership Core  
  62  5:31  Probe  
  62  5:35  Pylon  
  63  5:38  Probe, Adept x3  
  63  5:41  Probe  
  70  5:45  Observer  
  70  5:46  Phoenix (Chrono Boost)  
  70  5:47  Probe  
  70  5:48  Probe  
  75  5:50  Pylon  
  75  5:52  Probe  
  75  5:55  Forge  
  77  5:59  Probe x2  
  77  6:02  Probe  
  77  6:03  Sentry  
  82  6:08  Phoenix (Chrono Boost)  
  84  6:12  Probe  
  85  6:18  Probe  
  85  6:20  Probe  
  85  6:25  Assimilator  
  87  6:30  Phoenix (Chrono Boost), Assimilator  
  87  6:31  Protoss Ground Weapons Level 1 (Chrono Boost)  
  89  6:32  Probe  
  89  6:34  Probe x2  
  89  6:35  Twilight Council  
  92  6:40  Photon Cannon  
  92  6:43  Probe, Gateway  
  92  6:47  Probe x2  
  93  6:51  Pylon  
  95  6:55  Pylon  
  95  6:56  Immortal  
  95  6:59  Probe x2  
  101  7:07  Resonating Glaives  
  101  7:08  Probe  
  101  7:11  Gateway  
  101  7:12  Probe x2  
  101  7:15  Gateway  
  104  7:20  Probe, Phoenix (Chrono Boost)  
  107  7:23  Probe  
  107  7:24  Probe  
  107  7:26  Templar Archives  
  109  7:32  Probe  
  109  7:34  Probe  
  109  7:36  Adept x3  
  117  7:44  Pylon  
  117  7:54  Gateway  
  117  7:56  Gateway  
  117  8:01  Warp Prism  
  117  8:02  Probe, Phoenix  
  122  8:06  Gateway x2  
  122  8:09  Gateway, High Templar  
  124  8:13  Pylon  
  124  8:16  Gateway  
  124  8:19  Protoss Ground Weapons Level 2 (Chrono Boost)  
  124  8:26  Pylon  
  124  8:28  Pylon x2  
  124  8:33  High Templar x3  
  124  8:34  High Templar  
  132  8:36  Pylon  
  132  8:38  Archon x2  
  132  8:43  Observer  
  132  8:47  Adept x2  
  137  9:03  Probe  
  137  9:07  High Templar x2  
  137  9:09  Adept x3  
  148  9:13  Archon  
  148  9:14  Adept x3  
  148  9:15  Adept x4  
  160  9:33  Probe x2  
  160  9:37  Probe, Forge  
  163  9:55  Probe  
  163  9:56  Probe  
  163  9:59  Dark Shrine, Pylon  
  165  10:02  Nexus, Forge  
  165  10:03  Nexus, Pylon  
  165  10:05  Pylon  
  165  10:06  Pylon  
  165  10:09  Psionic Storm, Pylon  
  165  10:11  Pylon  
  165  10:17  Immortal  
  165  10:18  Mothership Core  
  169  10:22  High Templar x3  
  169  10:27  Protoss Ground Armor Level 1 (Chrono Boost)  
  169  10:28  Photon Cannon  
  175  10:38  Pylon, Photon Cannon  
  175  10:40  Photon Cannon  
  175  10:46  Protoss Ground Weapons Level 3 (Chrono Boost)  
  175  10:49  Gateway x2  
  175  10:52  Gateway  
  175  10:55  Adept x5  
  185  11:02  Warp Prism  
  187  11:13  Dark Templar x5  
  197  11:23  Probe  
  197  11:24  Probe x2  
  200  11:43  Nexus  
  200  11:45  Pylon  
  200  11:46  Pylon  
  200  11:49  Assimilator  
  200  11:53  Assimilator  
  200  11:56  Pylon  
  200  11:58  High Templar x2  
  157  12:19  Zealot x4, High Templar x2  
  157  12:20  Zealot x3  
  157  12:21  Charge  
  139  12:30  Probe  
  139  12:31  Probe  
  139  12:33  Probe  
  139  12:35  Adept x6  
  139  12:36  Probe  
  134  12:43  Probe  
  134  12:44  Immortal  
  140  12:48  Dark Templar x3  
  146  12:52  Adept x4  
  154  13:03  Robotics Facility  
  148  13:12  Dark Templar  
  148  13:13  Dark Templar x2  
  148  13:18  Archon  
  145  13:22  Dark Templar  
  123  13:30  Dark Templar, Zealot x2  
  123  13:31  Zealot x4  
  123  13:32  Zealot  
  113  13:38  Probe  
  104  13:42  Zealot x3  
  104  13:47  Stalker x2  
  104  13:48  Stalker  
  116  13:52  High Templar x2  
  119  13:55  Archon  
  111  14:08  Zealot x6  
  98  14:16  High Templar  
  98  14:17  High Templar  
  102  14:19  Dark Templar  
  102  14:22  Archon  
  104  14:30  Observer  
  105  14:36  High Templar  
  107  14:40  Dark Templar  
  107  14:54  Zealot x5  
  109  15:02  Dark Templar x2  
Show
View Real Time Build Order
Export as new Build Order

llllllllllll Terran - Winner!

Build Orders: Reaper Expand, MMM Bio 

Get SALT Encoding   

  12  0:01  SCV  
  13  0:13  SCV  
  14  0:18  Supply Depot  
  14  0:25  SCV  
  15  0:39  SCV  
  15  0:41  Barracks  
  16  0:45  Refinery  
  16  0:52  SCV  
  17  1:04  SCV  
  18  1:16  SCV  
  19  1:28  Orbital Command  
  19  1:30  Reaper  
  20  1:44  Command Center  
  20  1:54  Supply Depot  
  20  1:55  SCV  
  21  2:02  Marine  
  21  2:07  SCV  
  23  2:17  Factory  
  23  2:19  Bunker  
  23  2:22  SCV  
  24  2:26  Barracks Reactor  
  24  2:32  Refinery  
  24  2:34  SCV  
  25  2:46  SCV  
  25  2:54  Engineering Bay  
  25  2:58  SCV  
  25  3:01  Marine x2  
  25  3:03  Orbital Command  
  28  3:08  Starport  
  28  3:09  Factory Tech Lab  
  28  3:12  SCV  
  29  3:19  Marine x2  
  30  3:24  SCV  
  32  3:27  Widow Mine  
  32  3:31  Missile Turret  
  34  3:34  Missile Turret  
  34  3:39  SCV  
  36  3:43  Marine  
  36  3:44  Marine  
  36  3:47  Medivac  
  39  3:49  SCV  
  39  3:52  SCV  
  41  3:57  Cyclone  
  41  4:02  Marine x2  
  45  4:08  Supply Depot  
  46  4:13  Liberator  
  46  4:16  Supply Depot  
  46  4:30  SCV x2, Marine x2  
  46  4:31  Supply Depot  
  53  4:42  SCV x2  
  55  4:47  Marine x2  
  54  4:54  SCV  
  54  4:57  SCV  
  56  5:06  SCV  
  57  5:09  SCV  
  55  5:18  SCV  
  49  5:21  SCV  
  49  5:22  Missile Turret  
  49  5:23  Siege Tank  
  49  5:26  Barracks  
  49  5:27  Barracks  
  53  5:29  Command Center, Marine x2  
  53  5:30  SCV  
  53  5:32  Starport Reactor  
  53  5:33  SCV  
  53  5:34  Terran Infantry Weapons Level 1  
  58  5:42  SCV  
  58  5:45  SCV  
  58  5:47  Marine x2  
  61  5:54  Refinery  
  61  5:55  SCV, Refinery  
  61  5:56  Siege Tank  
  65  5:57  SCV, Engineering Bay  
  66  6:07  SCV, Missile Turret  
  66  6:09  SCV  
  66  6:10  Missile Turret  
  68  6:12  Marine x2  
  69  6:19  SCV  
  69  6:20  Barracks Tech Lab x2  
  69  6:23  Missile Turret  
  70  6:29  Supply Depot  
  70  6:30  Terran Infantry Armor Level 1  
  70  6:34  Supply Depot  
  70  6:47  Barracks  
  70  6:49  Barracks, Marine x4  
  70  6:50  SCV, Orbital Command, Medivac  
  70  6:53  SCV  
  78  6:54  Missile Turret  
  78  6:57  Combat Shields, Stimpack  
  78  7:02  SCV  
  82  7:11  Supply Depot  
  82  7:16  SCV x3  
  82  7:18  Supply Depot  
  82  7:20  Marine x3  
  82  7:21  Marine  
  89  7:29  Medivac x2  
  90  7:31  Factory Reactor  
  90  7:42  Barracks Reactor  
  90  7:46  Missile Turret  
  90  7:47  Marine x2  
  90  7:48  Marauder x2  
  96  7:52  Orbital Command  
  96  7:57  Marauder  
  98  7:58  Liberator  
  98  7:59  Missile Turret  
  98  8:00  Liberator  
  98  8:02  Armory  
  98  8:05  Marine  
  98  8:11  Ghost Academy, Widow Mine x2  
  103  8:17  Supply Depot  
  109  8:22  Missile Turret  
  109  8:33  Marine  
  109  8:34  Supply Depot, Marine x3  
  110  8:35  Supply Depot  
  113  8:43  SCV x2  
  113  8:47  Widow Mine x2  
  113  8:48  Sensor Tower  
  119  8:49  Terran Infantry Weapons Level 2  
  119  8:52  SCV  
  119  8:55  SCV x2  
  122  8:57  Supply Depot  
  122  9:04  Supply Depot  
  122  9:05  SCV  
  122  9:07  SCV  
  122  9:08  SCV  
  122  9:09  Supply Depot  
  126  9:17  SCV  
  126  9:19  SCV, Marauder, Marine x2  
  126  9:20  Supply Depot, Marauder x2, Marine x2  
  126  9:22  Bunker  
  137  9:30  Medivac  
  137  9:31  Terran Infantry Armor Level 2, Medivac  
  141  9:37  Barracks x2, Marine  
  142  9:38  Barracks  
  142  9:39  Missile Turret  
  142  9:42  Concussive Shells  
  142  9:44  Marauder x3  
  148  9:51  Ghost Academy  
  148  9:53  Refinery x2  
  148  9:54  Missile Turret  
  148  10:19  Ghost x3  
  154  10:27  Barracks Tech Lab x3  
  154  10:33  Command Center  
  154  10:44  Marine x3  
  154  10:48  Ghost x3  
  162  11:00  Supply Depot, Ghost x2  
  165  11:30  Ghost x5  
  175  11:39  Ghost  
  177  11:43  Missile Turret, Medivac  
  179  11:52  Marine x2  
  181  11:58  Ghost  
  183  12:02  Missile Turret  
  149  12:33  Ghost x5  
  149  12:34  Marine x2  
  158  12:41  Planetary Fortress  
  158  12:44  Ghost  
  158  12:45  Marine x2  
  162  12:52  Marine x2  
  164  13:01  Ghost  
  164  13:02  Marauder  
  164  13:03  Marauder  
  164  13:05  Marauder x2, Marine  
  166  13:14  Marauder  
  146  13:32  Marauder x3, Marine  
  149  13:39  Command Center  
  143  13:50  Marauder, Marine  
  146  13:57  Marine, Marauder x3  
  146  13:58  Marine, Marauder x2  
  138  14:12  Marauder  
  140  14:17  Marine  
  140  14:19  Marauder x4  
  140  14:22  Marine x2  
  151  14:43  Marauder x3  
Tags
 
Add a new tag
Caveats
  • Supply blocks, unpowered buildings, or Contaminate may cause inaccurate times.
  • Supply counts are checked every 10 seconds.